 Dungeon Crawl Stone Soup version 0.29-a0-393-g47a863cc1b (webtiles) character file.

Game seed: 3518834007782357690

305 Faeu the Chopper (level 6, -3/82 HPs)
             Began as a Minotaur Berserker on May 10, 2022.
             Was a Believer of Trog.
             Slain by a wolf (5 damage)
             ... on level 7 of the Dungeon.
             The game lasted 00:09:15 (1820 turns).

Faeu the Chopper (Minotaur Berserker)               Turns: 1820, Time: 00:09:16

Health: -3/82      AC:  3    Str: 24    XL:     6   Next: 15%
Magic:  5/5        EV: 12    Int:  4    God:    Trog [**....]
Gold:   55         SH:  0    Dex:  9    Spells: 5/5 levels left

rFire   . . .      SeeInvis .   a - +0 hand axe
rCold   . . .      Faith    .   (no shield)
rNeg    . . .      Spirit   .   b - +0 animal skin
rPois   .          Reflect  .   (helmet restricted)
rElec   .          Harm     .   (no cloak)
rCorr   .          Rampage  .   (no gloves)
Will    .....                   e - +0 pair of boots
Stlth   ..........              (no amulet)
HPRegen 0.23/turn               (no ring)
MPRegen 0.09/turn               (no ring)

@: berserking, very quick
A: horns 2, retaliatory headbutt
a: Renounce Religion, Berserk, Trog's Hand


You were on level 7 of the Dungeon.
You worshipped Trog.
Trog was pleased with you.
You visited 1 branch of the dungeon, and saw 5 of its levels.

You collected 55 gold pieces.

Inventory:

Hand Weapons
 a - a +0 hand axe (weapon)
 d - a +2 falchion of protection
 n - the +4 whip "Haobaaw" {vorpal, rC+ Dex-2 SInv}
   (You found it on level 2 of the Dungeon)

   It inflicts extra damage upon your enemies.
   Dex:       It affects your dexterity (-2).
   rC:        It protects you from cold.
   SInv:      It lets you see invisible.
Missiles
 g - 6 poisoned darts (quivered)
Armour
 b - a +0 animal skin (worn)
 e - a +0 pair of boots (worn)
Jewellery
 l - an amulet of guardian spirit
Scrolls
 c - a scroll of fog {unknown}
 h - a scroll of vulnerability {unknown}
 i - 3 scrolls of enchant armour {unknown}
 j - a scroll of teleportation {unknown}
 k - a scroll of magic mapping {unknown}
 m - 2 scrolls of identify {unknown}
Potions
 f - a potion of heal wounds


   Skills:
 + Level 4.9 Fighting
 - Level 2.5 Long Blades
 + Level 5.5 Axes
 + Level 2.9 Armour
 + Level 4.1 Dodging
 - Level 0.5 Stealth


You had 5 spell levels left.
You didn't know any spells.
Your spell library contained the following spells:

 Spells                   Type           Power      Damage    Failure   Level
 Summon Guardian Golem    Hex/Summ       0%         N/A       86%         3
 Orb of Destruction       Conj           0%         9d5       100%        7
 Spellforged Servitor     Conj/Summ      0%         N/A       100%        7


Dungeon Overview and Level Annotations

Branches:
Dungeon (7/15)
 Temple: D:4-7

Altars:


Innate Abilities, Weirdness & Mutations

You have a pair of horns on your head.
You reflexively headbutt those who attack you in melee.


Message History

An ice beast comes into view.
You see here 28 stones.
There is a stone staircase leading down here.
You climb downwards.
Found 15 gold pieces.
There is a stone staircase leading up here.
You hit the wolf.
The wolf is lightly wounded.
You miss the wolf.
The wolf closely misses you. x2; The wolf bites you.
The wolf barely misses you.
You hit the wolf.
The wolf is lightly wounded.
You hit the wolf. The wolf bites you. The wolf barely misses you.
The wolf bites you but does no damage. The wolf bites you.
You barely miss the wolf.
The wolf is lightly wounded.
You miss the wolf. The wolf closely misses you. The wolf misses you.
The wolf bites you. x2
You closely miss the wolf.
The wolf is lightly wounded.
You closely miss the wolf. The wolf bites you! x2
The wolf closely misses you. You furiously retaliate!
You headbutt the wolf! The wolf closely misses you. You furiously retaliate!
You headbutt the wolf! You hit the wolf.
The wolf is heavily wounded.
You hit the wolf but do no damage. The wolf bites you but does no damage.
The wolf barely misses you. The wolf bites you but does no damage.
The wolf bites you!
* * * LOW HITPOINT WARNING * * *
You miss the wolf.
The wolf is heavily wounded.
You closely miss the wolf. The wolf bites you.
* * * LOW HITPOINT WARNING * * *
The wolf barely misses you.
A red film seems to cover your vision as you go berserk!
You feel yourself moving faster!
You feel mighty! The wolf closely misses you. The wolf bites you!
* * * LOW HITPOINT WARNING * * *
The wolf bites you.
You die...

..........##
...........##
.#..........
...........
..........
.........#
......hh.#
#......@.#
.#.............
...............
...............
...............
...............
......##.......
.....# #..$...


You could see 2 wolves.

Vanquished Creatures
  A water moccasin (D:6)
  A phantom (D:6)
  A howler monkey (D:6)
  An adder (D:2)
  4 gnolls (D:6)
  A dart slug (D:1)
  2 bats (D:1)
  3 endoplasms
  3 goblins
  4 hobgoblins
  4 jackals (D:1)
  3 kobolds
  2 quokkas
  3 ball pythons
  4 frilled lizards
  3 rats
40 creatures vanquished.

Notes
Turn   | Place    | Note
-------+----------+-------------------------------------------
     0 | D:1      | Faeu the Minotaur Berserker began the quest for the Orb.
     0 | D:1      | Reached XP level 1. HP: 19/19 MP: 0/0
   187 | D:1      | Reached XP level 2. HP: 27/27 MP: 1/1
   198 | D:1      | Reached skill level 4 in Axes
   214 | D:1      | Found a faded altar of an unknown god.
   621 | D:2      | Reached XP level 3. HP: 31/33 MP: 2/2
   691 | D:2      | Reached ** piety under Trog
   823 | D:2      | Identified the +4 whip "Haobaaw" {vorpal, rC+ Dex-2 SInv}
  1185 | D:3      | You fall into a shaft and drop 3 floors!
  1193 | D:6      | Reached skill level 1 in Long Blades
  1198 | D:6      | Reached XP level 4. HP: 34/40 MP: 3/3
  1372 | D:6      | Noticed a phantom
  1382 | D:6      | Killed a phantom
  1383 | D:6      | Reached XP level 5. HP: 47/47 MP: 4/4
  1424 | D:6      | Noticed a water moccasin
  1446 | D:6      | Killed a water moccasin
  1447 | D:6      | Reached skill level 5 in Axes
  1447 | D:6      | Reached XP level 6. HP: 11/55 MP: 5/5
  1788 | D:6      | Noticed an ice beast
  1820 | D:7      | HP: 2/82 [wolf (7)]
  1820 | D:7      | Slain by a wolf

Illustrated notes

Levels and vault maps discovered:
D:1:      lemuel_arrival_room, layout_basic, ebering_ecumenical_altar_mist
D:2:      layout_rooms
D:3:      layout_rooms, nicolae_dithmenos_through_a_glass_darkly,
          nicolae_wu_jian_immortal_techniques, fiery_altar_vehumet,
          serial_shops, shop
D:6:      layout_rooms, nicolae_sif_muna_condensation
D:7:      layout_cave_pools, nicolae_ru_the_path_less_chosen, serial_gnoll_camp,
          gnoll_camp_mini_doghouse, gnoll_camp_mini_shop, grums_kennel,
          gnoll_camp_mini_hut, gnoll_camp_mini_hut, gnoll_camp_mini_hut

Skill      XL: |  1  2  3  4  5 |
---------------+----------------+-----
Fighting       | 4 |  4.9
Axes           | 4 5 |  5.5
Long Blades    | 1 2 |  2.5
Dodging        | 3 4 |  4.1
Armour         | |  2.9
Stealth        | |  0.5

Action                   |  1- 3 |  4- 6 || total
-------------------------+-------+-------++-------
Melee: Hand axe          |    36 |    20 ||    56
       Headbutt          |     7 |     3 ||    10
       Falchion          |    30 |       ||    30
       Punch             |     1 |       ||     1
Invok: Berserk           |     1 |     3 ||     4
  Use: Potion            |     2 |       ||     2
Armor: Animal skin       |    21 |     6 ||    27
       Skin              |     5 |       ||     5
Dodge: Dodged            |    67 |    19 ||    86

Table legend: (Time is in decaauts)
 A = Elapsed time spent in this place.
 B = Non-inter-level travel time spent in this place.
 C = Inter-level travel time spent in this place.
 D = Time resting spent in this place.
 E = Time spent auto-exploring this place.
 F = Levels seen in this place.
 G = Mean time per level.
                   A        B        C        D        E       F      G
               +--------+--------+--------+--------+--------+-----+--------+
         Total |   1859 |   1825 |     34 |    466 |    794 |   5 |  371.8 |
       Dungeon |   1859 |   1825 |     34 |    466 |    794 |   5 |  371.8 |
               +--------+--------+--------+--------+--------+-----+--------+

Top non-repeatable levels by time:
     D:6: 653 daAuts
     D:1: 605 daAuts
     D:2: 588 daAuts
     D:7: 11 daAuts
     D:3: 0 daAuts
